 Dungeon Crawl Stone Soup version 0.29.1-12-g30fa7ad0bf (webtiles) character file.

Game seed: 6841529772276876267

10269 hawla the Thaumaturge (level 12, -37/88 HPs)
             Began as a Meteoran Fire Elementalist on Dec 25, 2022.
             Was an Elder of Vehumet.
             Annihilated by a cane toad (45 damage)
             ... on level 2 of the Lair of Beasts on Dec 26, 2022.
             The game lasted 00:31:26 (5769 turns).

hawla the Thaumaturge (Meteoran Fire Elementalist)  Turns: 5769, Time: 00:31:26

Health: -37/88     AC:  2    Str: 10    XL:     12   Next: 17%
Magic:  28/28      EV:  2    Int: 22    God:    Vehumet [****..]
Gold:   1369       SH:  0    Dex: 15    Spells: 15/34 levels left

rFire   . . .      SeeInvis .   m - staff of air
rCold   + . .      Faith    .   (no shield)
rNeg    . . .      Spirit   .   s - +0 robe {rC+}
rPois   .          Reflect  .   (no helmet)
rElec   +          Harm     .   (no cloak)
rCorr   +          Rampage  .   (no gloves)
Will    +....                   (no boots)
Stlth   +.........              q - amulet of magic regeneration
HPRegen 0.24/turn               c - ring of resist corrosion
MPRegen 0.61/turn               (no ring)

@: lethally poisoned (-37 -> -57), sleeping, slowed, glowing
A: sense surroundings 2, otherworldly, glowing, explore regen
a: Renounce Religion


You were on level 2 of the Lair of Beasts.
You worshipped Vehumet.
Vehumet was greatly pleased with you.
You visited 3 branches of the dungeon, and saw 14 of its levels.
You also visited: Sewer.

You collected 1387 gold pieces.
You spent 18 gold pieces at shops.

Inventory:

Armour
 s - a +0 robe of cold resistance (worn)
Magical Staves
 k - a staff of conjuration
 m - a staff of air (weapon)
Jewellery
 c - a ring of resist corrosion (left hand)
 q - an amulet of magic regeneration (around neck)
Wands
 a - a wand of iceblast (5)
 d - a wand of charming (9)
 g - a wand of polymorph (12)
 h - a wand of light (13) (quivered)
 t - a wand of mindburst (4)
Scrolls
 i - a scroll of enchant weapon {unknown}
 j - a scroll of enchant armour
 l - 3 scrolls of teleportation
 n - a scroll of silence {unknown}
 p - a scroll of amnesia {unknown}
 x - 2 scrolls of summoning
Potions
 b - 2 potions of magic
 e - 4 potions of brilliance
 f - 3 potions of might
 r - 2 potions of heal wounds
 u - 2 potions of mutation {unknown}


   Skills:
 - Level 2.9 Fighting
 - Level 2.7 Staves
 - Level 5.1 Dodging
 - Level 1.4 Stealth
 - Level 11.6 Spellcasting
 - Level 7.1 Conjurations
 + Level 4.9 Necromancy
 - Level 10.0 Translocations
 - Level 10.8 Fire Magic
 - Level 2.0 Evocations


You had 15 spell levels left.
You knew the following spells:

 Your Spells              Type           Power      Damage    Failure   Level
a - Foxfire               Conj/Fire      100%       2x1d9     1%          1
b - Scorch                Fire           100%       2d10      1%          2
c - Flame Wave            Conj/Fire      51%        2d13      1%          4
d - Searing Ray           Conj           88%        2d7       1%          2
e - Dispersal             Tloc           27%        N/A       12%         6
f - Dispel Undead         Necr           34%        3d15      7%          4

Your spell library contained the following spells:

 Spells                   Type           Power      Damage    Failure   Level
 Stone Arrow              Conj/Erth      56%        3d10      1%          3
 Static Discharge         Conj/Air       42%        3-9/arc   1%          2
 Conjure Flame            Conj/Fire      51%        6-21      1%          3
 Gell's Gravitas          Tloc           55%        N/A       1%          3
 Ignite Poison            Fire/Tmut/Pois 28%        N/A       1%          3
 Inner Flame              Hex/Fire       36%        N/A       1%          3
 Teleport Other           Tloc           55%        N/A       1%          3
 Sticky Flame             Conj/Fire      51%        2d7       1%          4
 Animate Dead             Necr           34%        N/A       7%          4
 Summon Forest            Summ/Tloc      17%        N/A       19%         5
 Borgnjor's Vile Clutch   Necr/Erth      11%        N/A       45%         5
 Death Channel            Necr           17%        N/A       71%         6
 Eringya's Noxious Bog    Tmut/Pois      6%         N/A       86%         6
 Summon Hydra             Summ           6%         N/A       100%        7
 Borgnjor's Revivificati  Necr           17%        N/A       100%        8
 Necromutation            Tmut/Necr      11%        N/A       100%        8
 Death's Door             Necr           17%        N/A       100%        9


Dungeon Overview and Level Annotations

Branches:
Dungeon (11/15) Zot: 1012  Temple (1/1) D:6 Zot: 548    Lair (2/5) D:8 Zot: 1102
    Orc (0/2) D:9           Sewer (visited)
  Swamp: Lair:2-3    Shoals: Lair:2-3     Snake: Lair:2-3    Spider: Lair:2-3

Altars:
Dithmenos
Elyvilon
Fedhas
Gozag
Kikubaaqudgha
Nemelex Xobeh
Qazlal
Uskayaw
Vehumet
Wu Jian
Xom
Zin
The Shining One

Shops:
D:5 :   D:8 *

Annotations:
D:3 Robin
D:8 1 runed translucent door, wormed's ghost, novice MiBe


Innate Abilities, Weirdness & Mutations

You passively map the area around you.
You are easily found by Zot.
You glow in the dark.
You regain HP and MP as you explore.


Message History

(Press . to intensify the flame waves.)
The dream sheep shake their wool and sparkle.
You feel drowsy...
You fall asleep.
The dream sheep bites you!
You wake up.
The dream sheep bites you but does no damage.
The dream sheep bites you.
Casting: Flame Wave (safe; 1% risk of failure)
Confirm with . or Enter, or press ? or * to list all spells.
Casting: Flame Wave (safe; 1% risk of failure)
Press: ? - help, Dir - look around, f - activate A wave of flame ripples out!
The flame wave engulfs the dream sheep!
The dream sheep is moderately wounded.
The flame wave engulfs the dream sheep.
The dream sheep is moderately wounded. (Press . to intensify the flame waves.)
A torpor snail comes into view.
Being near the torpor snail leaves you feeling lethargic.
The dream sheep completely misses you. The cane toad closely misses you.
The dream sheep barely misses you.
A wave of flame ripples out!
The flame wave engulfs the dream sheep!
The dream sheep is almost dead.
The flame wave engulfs the cane toad.
The cane toad is lightly wounded.
The flame wave engulfs the dream sheep!!
You kill the dream sheep!
Vehumet accepts your kill.
You feel your power returning. The cane toad stings you!!
You are poisoned.
The cane toad poisons you! The dream sheep bites you!
* * * LOW HITPOINT WARNING * * *
Unknown command.
You feel better. The cane toad stings you!!
* * * LOW HITPOINT WARNING * * *
You are lethally poisoned!
The cane toad poisons you!
The dream sheep shake their wool and sparkle.
You feel drowsy...
You fall asleep.
The cane toad stings you!!!
Ouch! That really hurt!
You die...

*, * ,,, ,* ##.........
............#...........
**
,.....w...............$..
........................
........................ *
, ,
........................ ,
......Y./.........?..... ,
......Y............).... *
,
,,......†@.......>........
, , ,
......F.#.##P.#..#......
,, ,
...#.##############.....
,, #*.. #####. * ** ##* #


You could see a torpor snail, a cane toad and 2 dream sheep.

Vanquished Creatures
  A two-headed ogre (D:9)
  Joseph (D:9)
  Maggie (Lair:2)
  2 vault sentinels (D:10)
  2 komodo dragons
  3 trolls
  Grinder (D:3)
  A dream sheep (Lair:2)
  2 wyverns (D:8)
  A shadow (D:6)
  2 basilisks (D:8)
  12 yaks
  3 vampire mosquitoes (D:10)
  5 water moccasins
  2 ice beasts
  3 orc warriors
  A sky beast (D:6)
  A black bear (D:6)
  An ogre (D:5)
  3 phantoms
  7 kobold brigands
  3 bullfrogs
  A necrophage (D:5)
  5 scorpions
  8 wights
  3 killer bees (D:9)
  An electric eel (D:6)
  2 howler monkeys
  A quasit (D:7)
  A hound (D:7)
  2 jellies
  8 orc priests
  6 iguanas
  9 orc wizards
  5 adders
  2 river rats (D:6)
  3 white imps
  An ufetubus (D:4)
  3 worms
  A dart slug (D:3)
  59 orcs
  A bat (D:2)
  8 endoplasms
  2 giant cockroaches (D:4)
  16 goblins
  4 hobgoblins
  12 jackals
  2 ball pythons (D:4)
  A frilled lizard (D:3)
  2 goblin skeletons (D:7)
  2 goblin zombies (D:7)
  3 hobgoblin zombies (D:7)
  32 kobolds
  2 kobold skeletons (D:7)
  2 kobold zombies (D:7)
  2 orc zombies (D:7)
  6 rats
  A butterfly (D:6)
277 creatures vanquished.

Vanquished Creatures (collateral kills)
  A foxfire (D:3)
1 creature vanquished.

Vanquished Creatures (others)
  156 foxfires
  3 fungi
  6 plants
165 creatures vanquished.

Grand Total: 443 creatures vanquished

Notes
Turn   | Place    | Note
-------+----------+-------------------------------------------
     0 | D:1      | hawla the Meteoran Fire Elementalist began the quest for
                  | the Orb.
     0 | D:1      | Reached XP level 1. HP: 14/14 MP: 5/5
    98 | D:3      | Noticed Robin
   105 | D:2      | Reached XP level 2. HP: 4/20 MP: 3/6
   228 | D:2      | Reached skill level 3 in Spellcasting
   230 | D:2      | Reached XP level 3. HP: 15/26 MP: 1/8
   438 | D:2      | Learned a level 2 spell: Scorch
   568 | D:4      | Identified the +1 barding "Coqoac" {Int+5 Stlth+}
   583 | D:4      | Found an ornate altar of the Wu Jian Council.
   627 | D:4      | Reached XP level 4. HP: 33/33 MP: 1/10
   743 | D:4      | Reached XP level 5. HP: 31/38 MP: 7/11
   763 | D:4      | Found a hide-covered altar of Uskayaw.
   771 | D:3      | Noticed Grinder
   811 | D:3      | Killed Grinder
   812 | D:3      | Reached skill level 5 in Spellcasting
   812 | D:3      | Reached skill level 5 in Fire Magic
   812 | D:3      | Reached XP level 6. HP: 15/46 MP: 4/14
   817 | D:3      | Learned a level 4 spell: Flame Wave
   918 | D:3      | Noticed a water moccasin
   921 | D:3      | Killed a water moccasin
   922 | D:3      | Reached XP level 7. HP: 42/51 MP: 8/15
   932 | D:4      | Noticed a +0 dagger
   932 | D:4      | Noticed a +0 dagger
   967 | D:4      | Reached skill level 5 in Conjurations
  1283 | D:4      | Reached skill level 1 in Fighting
  1357 | D:4      | Reached skill level 1 in Evocations
  1359 | D:4      | Reached XP level 8. HP: 46/59 MP: 3/16
  1669 | D:5      | Entered Level 5 of the Dungeon
  1750 | D:5      | Reached skill level 6 in Spellcasting
  1908 | D:5      | Gained mutation: You passively map the area around you.
                  | [Meteoran growth]
  1908 | D:5      | Reached XP level 9. HP: 66/66 MP: 13/20
  1909 | D:5      | Reached skill level 7 in Spellcasting
  1912 | D:5      | Found Kualafip's Self-Improvement Boutique.
  1931 | D:5      | Found a shadowy altar of Dithmenos.
  2270 | D:5      | Found a white marble altar of Elyvilon.
  2377 | D:6      | Identified a scroll of acquirement
  2377 | D:6      | Acquired 868 gold pieces
  2507 | D:6      | Found a glowing drain.
  2519 | Sewer    | Entered a sewer
  2575 | Sewer    | Reached skill level 8 in Spellcasting
  2997 | D:6      | Reached skill level 9 in Spellcasting
  3006 | D:6      | Found a blossoming altar of Fedhas.
  3068 | D:6      | Found a staircase to the Ecumenical Temple.
  3080 | Temple   | Entered the Ecumenical Temple
  3106 | Temple   | Became a worshipper of Vehumet
  3205 | D:6      | Reached XP level 10. HP: 65/73 MP: 18/24
  3319 | D:7      | Reached skill level 10 in Spellcasting
  3403 | D:7      | Reached * piety under Vehumet
  3403 | D:7      | Offered knowledge of Freeze by Vehumet.
  3431 | D:7      | Found a glowing golden altar of the Shining One.
  3675 | D:7      | Found a sparkling altar of Nemelex Xobeh.
  3826 | D:8      | Reached skill level 1 in Staves
  3826 | D:8      | Reached skill level 10 in Fire Magic
  3886 | D:8      | Reached skill level 11 in Spellcasting
  3888 | D:8      | Offered knowledge of Searing Ray by Vehumet.
  3894 | D:8      | Reached ** piety under Vehumet
  3930 | D:8      | Reached skill level 5 in Dodging
  3933 | D:8      | Reached XP level 11. HP: 39/81 MP: 11/27
  3965 | D:8      | Found a staircase to the Lair.
  3969 | D:8      | Learned a level 2 spell: Searing Ray
  4022 | D:8      | Found Loasiurgh's CLEARANCE SALE!.
  4030 | D:8      | Bought a potion of brilliance for 12 gold pieces
  4030 | D:8      | Bought a scroll of identify for 6 gold pieces
  4089 | D:8      | Learned a level 6 spell: Dispersal
  4096 | D:8      | Reached skill level 1 in Translocations
  4168 | D:8      | Found a runed translucent door.
  4169 | D:8      | Identified the +6 trident "Ezodoab" {flame, rElec}
  4170 | D:8      | Noticed wormed's ghost (novice MiBe)
  4269 | D:9      | Noticed Joseph
  4271 | D:9      | Offered knowledge of Dazzling Flash by Vehumet.
  4276 | D:9      | Killed Joseph
  4497 | D:9      | Found a staircase to the Orcish Mines.
  4509 | D:9      | Reached skill level 5 in Translocations
  4620 | D:9      | Noticed a two-headed ogre
  4625 | D:9      | Killed a two-headed ogre
  4644 | D:9      | Reached *** piety under Vehumet
  4903 | D:10     | Entered Level 10 of the Dungeon
  4967 | D:10     | Offered knowledge of Stone Arrow by Vehumet.
  5202 | D:10     | Noticed a vault sentinel
  5202 | D:10     | Noticed a vault sentinel
  5245 | D:10     | Killed a vault sentinel
  5246 | D:10     | Killed a vault sentinel
  5247 | D:10     | Reached skill level 10 in Translocations
  5254 | D:10     | Learned a level 4 spell: Dispel Undead
  5509 | D:10     | Found the +18 shield of the Gong {rElec rN+ Will+ EV-5}
  5535 | D:10     | Reached skill level 1 in Necromancy
  5673 | Lair:1   | Entered Level 1 of the Lair of Beasts
  5726 | Lair:1   | Reached XP level 12. HP: 71/88 MP: 24/28
  5726 | Lair:1   | Reached **** piety under Vehumet
  5734 | Lair:1   | Noticed Maggie
  5746 | Lair:2   | Killed Maggie
  5769 | Lair:2   | Annihilated by a cane toad

Illustrated notes

Levels and vault maps discovered:
D:1:      elethiomel_arrival_shortcut, layout_basic
D:2:      layout_basic
D:3:      layout_loops_ring, skrybe_limestone_x, minmay_hedge_maze, uniq_ijyb,
          uniq_grinder, uniq_robin
D:4:      layout_basic, pdpol_wu_jian_five_deadly_venoms,
          dancing_weapons_uskayaw, minmay_misc_feat_encased, saegor_snake_ambush
D:5:      layout_rooms, elyvilon_altar_3, grunt_dithmenos_smoke_and_mirrors,
          corexii_hall_statues_s, nicolae_shop_self_help
D:6:      layout_loops_corners, nicolae_overflow_crystal_walls,
          minmay_temple_entry_butterflies, lightli_sewer_entry_pipes,
          minmay_crystal_water
D:7:      layout_cave_pools, nicolae_tso_besieged_by_evil,
          nemelex_spade_bored_becter
D:8:      layout_rooms, david_lair_generic, ebering_ghost_funeral_grove,
          special_room [special_room_orc], grunt_ministairs_8,
          nicolae_shop_clearance
D:9:      layout_roguey, orc_0_dummy, uniq_joseph
D:10:     layout_rooms, hellmonk_guarded_unrand_gong
D:11:     layout_roguey, hellmonk_guarded_unrand_frostbite, uniq_nergalle
Temple:   regret_index_temple_waves
Lair:1:   layout_loops_ring, grunt_megastairs_2, uniq_maggie
Lair:2:   layout_cave_pods, infiniplex_staircase_pool_2, serial_bayou_shore_a,
          lemuel_fruit_fields

Skill      XL: |  1  2  3  4  5  6  7  8  9 10 11 12 |
---------------+-------------------------------------+-----
Fire Magic     | 4 5 7 9 10 | 10.8
Spellcasting   | 3 5 6 9 11 | 11.6
Dodging        | 3 4 5 |  5.1
Conjurations   | 2 4 5 6 7 |  7.1
Fighting       | 1 2 |  2.9
Evocations     | 2 |  2.0
Staves         | 2 |  2.7
Translocations | 10 | 10.0
Necromancy     | 2 4 |  4.9
Stealth        | |  1.4

Action                   |  1- 3 |  4- 6 |  7- 9 | 10-12 || total
-------------------------+-------+-------+-------+-------++-------
Melee: Unarmed           |    17 |    11 |    16 |       ||    44
       Punch             |       |     1 |       |     1 ||     2
       Staff             |       |       |     1 |    57 ||    58
 Cast: Foxfire           |    42 |     9 |    12 |    28 ||    91
       Scorch            |     7 |    17 |    56 |    83 ||   163
       Flame Wave        |       |     1 |    18 |    41 ||    60
       Searing Ray       |       |       |       |     7 ||     7
  Use: Scroll            |     4 |     2 |     6 |     6 ||    18
       Potion            |       |     2 |     1 |     1 ||     4
Armor: Robe              |    17 |     9 |     7 |    24 ||    57
       Skin              |       |       |    11 |       ||    11
Dodge: Dodged            |    37 |    17 |    34 |    75 ||   163
